[Event "Titled Tuesday Blitz May 2 Early 2023"]
[White "Florescu, Codrut-Constantin"]
[Black "Loiacono, Antonio"]
[WhiteFideId "1202200"]
[BlackFideId "895415"]
[WhiteElo "2191"]
[BlackElo "2257"]
[Result "0-1"]
[Round "11"]
[TimeControl "180+2"]
[Date "2023.05.03"]
[WhiteClock "0:00:00"]
[BlackClock "0:00:01"]

1. e4 e5 2. Nf3 Nc6 3. Bc4 Bc5 4. d3 Nf6 5. h3 h6 6. a4 a6 7. Nbd2 d6 8. c3 Ba7 9. Nf1 O-O 10. Be3 Bxe3 11. Nxe3 Ne7 12. O-O Ng6 13. h4 c6 14. g3 d5 15. exd5 cxd5 16. Ba2 Be6 17. Qe2 Re8 18. Rae1 Bh3 19. Ng2 Qd7 20. Nh2 Rad8 21. f3 Qxa4 22. Bb1 Qd7 23. g4 Bxg2 24. Kxg2 Nf4+ 0-1


[Site "https://www.chess.com"]

[Event "Titled Tuesday Blitz May 2 Early 2023"]
[White "Filgueira, Hernan"]
[Black "Goncalves, Davi Sulzbacher"]
[WhiteFideId "101770"]
[BlackFideId "2154510"]
[WhiteElo "2363"]
[BlackElo "2182"]
[Result "0-1"]
[Round "11"]
[TimeControl "180+2"]
[Date "2023.05.03"]
[WhiteClock "0:00:00"]
[BlackClock "0:00:00"]

1. c4 Nf6 2. Nc3 g6 3. g3 Bg7 4. Bg2 O-O 5. Nf3 c5 6. O-O Nc6 7. d4 cxd4 8. Nxd4 d6 9. Nc2 Be6 10. b3 Qa5 11. Bd2 Qh5 12. e4 Qxd1 13. Raxd1 a6 14. a4 Na5 15. Rb1 b5 16. axb5 axb5 17. Nxb5 Nxb3 18. Rxb3 Bxc4 19. Rbb1 Bxf1 20. Bxf1 Nxe4 21. Be3 Rab8 22. Rd1 Rxb5 23. Bxb5 Nc3 24. Rd3 Nxb5 25. Rb3 Nc3 26. Rb7 Nd5 27. Kg2 Rc8 28. Nb4 Nxe3+ 29. fxe3 e6 30. e4 Be5 31. Nd3 Rc4 32. Kf3 Rc3 33. Ke3 Kg7 34. Kd2 Ra3 35. g4 Bxh2 36. Ke3 Be5 37. Kd2 g5 38. Rb5 Bf4+ 39. Ke2 Ra2+ 40. Kf3 Ra3 41. Ke2 Kf6 42. Rb7 Ra2+ 43. Kf3 Ra3 44. Ke2 Kg6 45. Rb8 d5 46. e5 Ra2+ 47. Kf3 Ra3 48. Ke2 Kg7 49. Rb6 Ra4 50. Rb7 Re4+ 51. Kf2 Bxe5 52. Kg2 Bd4 53. Rd7 Rxg4+ 54. Kf3 Re4 55. Nb4 Bf6 56. Nc6 g4+ 57. Kg2 h5 58. Nb8 h4 59. Rd6 Be5 60. Rb6 h3+ 61. Kf1 h2 62. Kg2 Re2+ 0-1


[Site "https://www.chess.com"]

[Event "Titled Tuesday Blitz May 2 Early 2023"]
[White "Borgaonkar Akshay"]
[Black "Mrudul Dehankar"]
[WhiteFideId "25639110"]
[BlackFideId "25096990"]
[WhiteElo "2063"]
[BlackElo "2139"]
[Result "1-0"]
[Round "11"]
[TimeControl "180+2"]
[Date "2023.05.03"]
[WhiteClock "0:00:01"]
[BlackClock "0:00:00"]

1. d4 Nf6 2. Bg5 c5 3. Nc3 Qb6 4. dxc5 Qxb2 5. Bd2 Qa3 6. e4 Qxc5 7. Nf3 Nc6 8. Bd3 g6 9. Nb5 Nb4 10. Be3 Nxd3+ 11. Qxd3 Qb4+ 12. c3 Qa5 13. Bf4 d6 14. e5 Bd7 15. Nxd6+ exd6 16. exf6 Bb5 17. Qe4+ Kd8 18. Rc1 Bc6 19. Qd4 Qc5 20. Qxc5 dxc5 21. Ne5 Ke8 22. Nxc6 bxc6 23. O-O Kd7 24. Rcd1+ Kc8 25. Rfe1 Kb7 26. Rb1+ Ka6 27. Re4 Ka5 28. Bc7+ 1-0


[Site "https://www.chess.com"]

[Event "Titled Tuesday Blitz May 2 Early 2023"]
[White "Omelja, Artem"]
[Black "Arkell, Keith C"]
[WhiteFideId "14119846"]
[BlackFideId "400270"]
[WhiteElo "2404"]
[BlackElo "2319"]
[Result "1-0"]
[Round "11"]
[TimeControl "180+2"]
[Date "2023.05.03"]
[WhiteClock "0:00:01"]
[BlackClock "0:00:00"]

1. Nf3 Nf6 2. g3 b5 3. Bg2 Bb7 4. O-O e6 5. a4 b4 6. d4 c5 7. a5 cxd4 8. Nxd4 Bxg2 9. Kxg2 Qc7 10. e3 Nc6 11. Qf3 Rc8 12. Nxc6 Qxc6 13. c3 Qxf3+ 14. Kxf3 Nd5 15. Bd2 bxc3 16. Nxc3 Nxc3 17. Bxc3 Rb8 18. Ra4 d5 19. e4 dxe4+ 20. Kxe4 f6 21. Rd1 Bc5 22. Rc4 f5+ 23. Kf3 Be7 24. Rc7 Bf6 25. Bxf6 gxf6 26. Rdd7 Rb3+ 27. Kg2 a6 28. Ra7 Rxb2 29. Re7+ Kd8 30. Rxe6 f4 31. Rxf6 fxg3 32. hxg3 h5 33. Rb6 Rxb6 34. axb6 Rh6 35. Ra8+ 1-0


[Site "https://www.chess.com"]

[Event "Titled Tuesday Blitz May 2 Early 2023"]
[White "Piesik, Piotr"]
[Black "Shvedova, Alexandra"]
[WhiteFideId "1136194"]
[BlackFideId "54154782"]
[WhiteElo "2299"]
[BlackElo "2057"]
[Result "0-1"]
[Round "11"]
[TimeControl "180+2"]
[Date "2023.05.03"]
[WhiteClock "0:00:00"]
[BlackClock "0:00:00"]

1. Nf3 Nf6 2. g3 b5 3. Bg2 Bb7 4. O-O e6 5. d3 c5 6. e4 d6 7. a4 b4 8. Nbd2 Be7 9. Nc4 Nbd7 10. a5 a6 11. Bf4 Qc7 12. e5 dxe5 13. Nfxe5 Bxg2 14. Kxg2 Nxe5 15. Bxe5 Qb7+ 16. Qf3 Qxf3+ 17. Kxf3 O-O 18. b3 Nd5 19. Rad1 Rfd8 20. Rfe1 f6 21. Bb2 e5 22. Ke4 Kf7 23. f4 exf4 24. gxf4 Nc7 25. f5 g6 26. Rf1 g5 27. h4 h6 28. Rh1 g4 29. h5 Nb5 30. Rdg1 Nd4 31. Rxg4 Nxc2 32. Rhg1 Bf8 33. Rg6 Nd4 34. Bxd4 Rxd4+ 35. Ke3 Rad8 36. Rd1 Rh4 37. Rg3 Rxh5 38. Rf3 Rh4 39. Nd2 h5 40. Ne4 Rh2 41. Rf2 Bh6+ 42. Ke2 Rxf2+ 43. Kxf2 Rd5 44. Ke2 h4 45. Rh1 Bg5 46. Rg1 Bf4 47. Rg4 Bg3 48. Rg6 Rxf5 49. Rg4 Ke6 50. Nxg3 hxg3 51. Rxg3 Kd5 52. Rg7 Re5+ 53. Kd2 Kc6 54. Ra7 Kb5 55. Rb7+ Kxa5 56. Rb8 Re6 57. Rb7 f5 58. Rf7 Re5 59. Rb7 Re6 60. Rf7 Kb5 61. Rxf5 a5 62. Kc2 Re2+ 63. Kd1 Rb2 64. d4 Rxb3 65. Rxc5+ Kb6 66. Kc2 Rh3 67. Rg5 a4 68. Kb2 Rh2+ 69. Kb1 a3 70. Rc5 b3 0-1


[Site "https://www.chess.com"]

[Event "Titled Tuesday Blitz May 2 Early 2023"]
[White "Dronavalli, Harika"]
[Black "Reprintsev, Alexander"]
[WhiteFideId "5015197"]
[BlackFideId "14100541"]
[WhiteElo "2432"]
[BlackElo "2211"]
[Result "1-0"]
[Round "11"]
[TimeControl "180+2"]
[Date "2023.05.03"]
[WhiteClock "0:00:00"]
[BlackClock "0:00:00"]

1. d4 d5 2. c4 e5 3. dxe5 d4 4. Nf3 Nc6 5. a3 g6 6. g3 Bg7 7. Bg2 Nh6 8. Bg5 Qd7 9. Nbd2 O-O 10. Ne4 Ng4 11. Nf6+ Bxf6 12. exf6 h6 13. h3 Nxf2 14. Kxf2 hxg5 15. Qd2 Qe6 16. Qxg5 Re8 17. Rhe1 Qe3+ 18. Qxe3 dxe3+ 19. Kg1 Re6 20. Rad1 Rxf6 21. Ng5 Rf5 22. h4 Be6 23. Bh3 Re5 24. Bxe6 fxe6 25. Rd7 Rc8 26. Rf1 Nb8 27. Rdf7 Rf5 28. Re7 Nc6 29. Rxe6 Rxf1+ 30. Kxf1 Rf8+ 31. Kg1 Nd4 32. Rxe3 a5 33. Re7 c6 34. Kg2 b5 35. cxb5 cxb5 36. Nf3 Nf5 37. Re6 Kg7 38. Ne5 Nd4 39. Rxg6+ Kh7 40. Rb6 Nxe2 41. Rxb5 a4 42. Rb7+ Kg8 43. Ng4 Rc8 44. Nf6+ Kf8 45. h5 Rc2 46. Kh3 Ng1+ 47. Kg4 Rc4+ 48. Kf5 Nf3 49. h6 Rc5+ 50. Kf4 Ng5 51. h7 Nxh7 52. Nxh7+ Kg8 53. Nf6+ Kf8 54. g4 Rf5+ 55. Kg3 1-0


[Site "https://www.chess.com"]

[Event "Titled Tuesday Blitz May 2 Early 2023"]
[White "Eggink, Ryszard"]
[Black "Girya, Olga"]
[WhiteFideId "1125869"]
[BlackFideId "4195752"]
[WhiteElo "2283"]
[BlackElo "2263"]
[Result "0-1"]
[Round "11"]
[TimeControl "180+2"]
[Date "2023.05.03"]
[WhiteClock "0:00:00"]
[BlackClock "0:00:00"]

1. d4 Nf6 2. c4 e6 3. Nf3 d5 4. g3 Be7 5. Bg2 O-O 6. O-O dxc4 7. Ne5 Nc6 8. Nxc6 bxc6 9. Na3 Bxa3 10. bxa3 Ba6 11. Bxc6 Rb8 12. Qa4 Rb6 13. Bd2 c3 14. Bxc3 Bxe2 15. Rfe1 Ra6 16. Ba5 Bh5 17. Qb5 Rxc6 18. Qxc6 Nd5 19. Rac1 Qf6 20. Bxc7 Bf3 21. Bd6 Rd8 22. Be5 Qe7 23. Rb1 h6 24. Rb8 Rxb8 25. Bxb8 Qf6 26. Be5 Qf5 27. Qc4 Qh3 28. Qf1 Qg4 29. h4 Kh7 30. Kh2 f6 31. Bd6 Qxd4 32. Rxe6 Nc3 33. Bb4 Ne4 34. Re7 Nxf2 35. Qb5 Ng4+ 36. Kh3 Qf2 37. Qf5+ Kg8 38. Re8+ Kf7 39. Qe6+ Kg6 0-1


[Site "https://www.chess.com"]

[Event "Titled Tuesday Blitz May 2 Early 2023"]
[White "Mendez Fortes, Eduardo Jesus"]
[Black "Srebrnic, Marko"]
[WhiteFideId "3502376"]
[BlackFideId "14603616"]
[WhiteElo "2307"]
[BlackElo "2341"]
[Result "1-0"]
[Round "11"]
[TimeControl "180+2"]
[Date "2023.05.03"]
[WhiteClock "0:00:00"]
[BlackClock "0:00:00"]

1. e4 c5 2. Nf3 Nc6 3. d4 cxd4 4. Nxd4 e5 5. Nb5 d6 6. N1c3 a6 7. Na3 Be7 8. Nc4 b5 9. Ne3 Bb7 10. g3 h5 11. Bg2 h4 12. Ncd5 Nf6 13. gxh4 Nd4 14. Nxe7 Qxe7 15. c3 Bxe4 16. Bxe4 Nxe4 17. cxd4 Qxh4 18. Qf3 d5 19. Nxd5 O-O-O 20. Ne3 exd4 21. Nf5 Qf6 22. O-O Rhe8 23. Kg2 Re5 24. Ng3 Qe6 25. Bf4 Nxg3 26. Bxg3 Rc5 27. Rac1 Rd5 28. b4 1-0


[Site "https://www.chess.com"]

[Event "Titled Tuesday Blitz May 2 Early 2023"]
[White "Pourkashiyan, Atousa"]
[Black "Orlov, Georgi"]
[WhiteFideId "12502014"]
[BlackFideId "2011271"]
[WhiteElo "2228"]
[BlackElo "2453"]
[Result "1/2-1/2"]
[Round "11"]
[TimeControl "180+2"]
[Date "2023.05.03"]
[WhiteClock "0:00:00"]
[BlackClock "0:00:00"]

1. e4 d6 2. d4 Nf6 3. Nc3 c6 4. a4 g6 5. Nf3 Bg7 6. Bc4 d5 7. exd5 cxd5 8. Bd3 Nc6 9. O-O Bg4 10. Be3 Qb6 11. h3 Bxf3 12. Qxf3 e6 13. a5 Nxa5 14. Na4 Qd8 15. Bb5+ Nc6 16. Nc5 Qb6 17. Bxc6+ Qxc6 18. Bg5 Ne4 19. Nxe4 dxe4 20. Qa3 f6 21. Bf4 Kf7 22. c4 Rhd8 23. Rfd1 g5 24. Bg3 Kg6 25. Rac1 a6 26. h4 Rac8 27. hxg5 fxg5 28. Be5 Bxe5 29. dxe5 Rxd1+ 30. Rxd1 Qxc4 31. Qe7 e3 32. Qf6+ Kh5 33. Qf7+ Kh6 34. Qf6+ Kh5 35. Qf7+ Kh6 36. Qf6+ Kh5 1/2-1/2


[Site "https://www.chess.com"]

[Event "Titled Tuesday Blitz May 2 Early 2023"]
[White "Womacka, Mathias"]
[Black "Nikologorskiy, Konstantin"]
[WhiteFideId "4611390"]
[BlackFideId "24111708"]
[WhiteElo "2377"]
[BlackElo "2293"]
[Result "1-0"]
[Round "11"]
[TimeControl "180+2"]
[Date "2023.05.03"]
[WhiteClock "0:00:00"]
[BlackClock "0:00:00"]

1. e4 c5 2. Nf3 d6 3. d4 cxd4 4. Nxd4 Nf6 5. Nc3 a6 6. Be2 e5 7. Nb3 Be6 8. f4 Qc7 9. g4 exf4 10. g5 Nfd7 11. Bxf4 Ne5 12. Qd2 Nbc6 13. O-O-O Be7 14. Nd5 Bxd5 15. exd5 Na7 16. Bxe5 O-O 17. Bc3 Nb5 18. Bxb5 axb5 19. a3 Ra4 20. Nd4 Qc4 21. b3 Qc5 22. bxa4 Qxa3+ 23. Bb2 Qa2 24. Nf5 Bd8 25. Bxg7 bxa4 26. Bc3 f6 27. gxf6 Rf7 28. Nh6+ Kf8 29. Nxf7 Ba5 30. Qd4 a3 31. Bxa5 Ke8 32. Nxd6+ Kd7 33. Ne4 h5 34. Nc5+ Kc8 35. f7 Qb2+ 36. Qxb2 axb2+ 37. Kxb2 b5 38. f8=R# 1-0


[Site "https://www.chess.com"]

[Event "Titled Tuesday Blitz May 2 Early 2023"]
[White "Novikova, Galina"]
[Black "Gontcharov, Vladislav"]
[WhiteFideId "4157095"]
[BlackFideId "4123492"]
[WhiteElo "1953"]
[BlackElo "2420"]
[Result "0-1"]
[Round "11"]
[TimeControl "180+2"]
[Date "2023.05.03"]
[WhiteClock "0:00:00"]
[BlackClock "0:00:00"]

1. e4 e6 2. Nf3 d5 3. e5 c5 4. b4 cxb4 5. a3 b3 6. cxb3 Nc6 7. d4 Nge7 8. Bd3 Nf5 9. Bc2 Nh4 10. Be3 Nxg2+ 11. Ke2 Nh4 12. Nbd2 Nf5 13. Rg1 g6 14. Bxf5 exf5 15. Bg5 Be7 16. h4 h6 17. Bxe7 Qxe7 18. b4 b6 19. Qa4 Bd7 20. Qb3 Qe6 21. Rac1 O-O 22. h5 g5 23. Qe3 Kh8 24. Rg2 f4 25. Qd3 f6 26. Qg6 Rf7 27. Qxh6+ Rh7 28. Qxf6+ Qxf6 29. exf6 Re8+ 30. Kf1 Rxh5 31. Rxg5 Rh1+ 32. Kg2 Rxc1 33. Rh5+ Kg8 34. Ng5 Be6 35. Ndf3 Rf8 36. Nxe6 Rxf6 37. Neg5 Rc3 38. Rh4 Rxa3 39. Rg4 Rg6 40. Kh3 Nxd4 0-1


[Site "https://www.chess.com"]

[Event "Titled Tuesday Blitz May 2 Early 2023"]
[White "Srihari L R"]
[Black "Ljukin, Sergei"]
[WhiteFideId "46617116"]
[BlackFideId "14102200"]
[WhiteElo "2334"]
[BlackElo "2312"]
[Result "1-0"]
[Round "11"]
[TimeControl "180+2"]
[Date "2023.05.03"]
[WhiteClock "0:00:00"]
[BlackClock "0:00:00"]

1. c4 c6 2. Nc3 d5 3. d4 Nf6 4. Nf3 dxc4 5. a4 Bf5 6. Ne5 Na6 7. f3 Nd7 8. Nxc4 e5 9. e4 exd4 10. Qxd4 Nb4 11. Na3 Be6 12. Be2 Nc5 13. Qxd8+ Rxd8 14. O-O Nb3 15. Rb1 Bc5+ 16. Kh1 Nxc1 17. Rbxc1 Rd2 18. Bc4 Nd3 19. Bxd3 Rxd3 20. Nc2 Ke7 21. Ne2 Rd2 22. Nf4 Rhd8 23. b4 Bd6 24. Nxe6 fxe6 25. b5 cxb5 26. axb5 Bf4 27. g3 Be5 28. Ne3 R8d3 29. Nc4 Bd6 30. Nxd2 Rxd2 31. Rfd1 Rb2 32. f4 Rxb5 33. e5 Bc5 34. Rd3 b6 35. Rcd1 Rb2 36. Rd7+ Kf8 37. Rxa7 Be7 38. Ra8+ Kf7 39. Rd7 Rb1+ 40. Kg2 Rb2+ 41. Kh3 1-0


[Site "https://www.chess.com"]

[Event "Titled Tuesday Blitz May 2 Early 2023"]
[White "Berezin, Viktor"]
[Black "Seletsky, Grigory"]
[WhiteFideId "14107872"]
[BlackFideId "14112191"]
[WhiteElo "2310"]
[BlackElo "2490"]
[Result "1/2-1/2"]
[Round "11"]
[TimeControl "180+2"]
[Date "2023.05.03"]
[WhiteClock "0:00:00"]
[BlackClock "0:00:00"]

1. d4 d6 2. Nf3 Nf6 3. g3 Bg4 4. Bg2 Qc8 5. Nc3 Bh3 6. Bxh3 Qxh3 7. Bf4 c6 8. Qd2 h6 9. O-O-O d5 10. Bxb8 Rxb8 11. Qf4 Rc8 12. e4 e6 13. Rhe1 Be7 14. Kb1 O-O 15. Ne5 dxe4 16. Nxe4 Nxe4 17. Qxe4 Rcd8 18. c3 Bd6 19. Nf3 g6 20. Nh4 Kg7 21. Qf3 Be7 22. Ng2 Qf5+ 23. Qxf5 gxf5 24. Ne3 Bg5 25. Nc4 Rd5 26. Kc2 Rfd8 27. h4 Bf6 28. Ne3 R5d7 29. Ng2 Be7 30. Nf4 Bd6 31. Nd3 Kf6 32. a4 Bb8 33. Nc5 Rc7 34. b4 Rd6 35. a5 b6 36. axb6 axb6 37. Na6 Rb7 38. Ra1 Bc7 39. Nxc7 Rxc7 40. Ra6 Rb7 41. Rea1 Ke7 42. Ra8 Rd8 43. Rxd8 Kxd8 44. Ra8+ Ke7 45. Rh8 Ra7 46. Kb2 c5 47. Rxh6 cxd4 48. cxd4 Rc7 49. Rh8 Rc4 50. Rb8 Rxb4+ 51. Kc3 Rb1 52. h5 Kf6 53. Kc4 Kg5 54. Rf8 Kxh5 55. Rxf7 Kg6 56. Rb7 Kf6 57. Kd3 Rb3+ 58. Ke2 Rb2+ 59. Ke3 Rb3+ 60. Ke2 Rb2+ 61. Kf3 Rb3+ 62. Kg2 Rb4 63. f4 Rxd4 64. Rxb6 Rd2+ 65. Kh3 Rd1 66. Kg2 Rd2+ 67. Kh3 Rd1 68. Kg2 Rd2+ 1/2-1/2


[Site "https://www.chess.com"]

[Event "Titled Tuesday Blitz May 2 Early 2023"]
[White "Nemec, Jachym"]
[Black "Danielyan, Vahe"]
[WhiteFideId "23716525"]
[BlackFideId "13304828"]
[WhiteElo "2305"]
[BlackElo "2423"]
[Result "0-1"]
[Round "11"]
[TimeControl "180+2"]
[Date "2023.05.03"]
[WhiteClock "0:00:00"]
[BlackClock "0:00:00"]

1. d4 d5 2. c4 e6 3. Nf3 c5 4. cxd5 exd5 5. Nc3 Nc6 6. g3 Nf6 7. Bg2 Be7 8. O-O O-O 9. Bg5 c4 10. b3 Qa5 11. Bd2 Bb4 12. Qc2 Rd8 13. bxc4 dxc4 14. e3 Bf5 15. Qb2 Bd3 16. Rfd1 Rab8 17. Ne1 Bg6 18. a3 Bf8 19. Nb5 Qb6 20. Ra2 a6 21. Nc3 Qxb2 22. Rxb2 Bxa3 23. Rb6 Nd7 24. Rxc6 bxc6 25. Ra1 Rb3 26. Ra2 Bb4 27. Ne2 Bxd2 28. Rxd2 c3 29. Rd1 c2 30. Nxc2 Bxc2 31. Rc1 Bd3 32. Nf4 Bb5 33. Bh3 Nf6 34. Ne6 Rb8 35. Nc5 Rb2 36. e4 a5 37. e5 Nd5 38. Bg2 a4 39. Bxd5 cxd5 0-1


[Site "https://www.chess.com"]

[Event "Titled Tuesday Blitz May 2 Early 2023"]
[White "Rios Escobar, Adan"]
[Black "Jaskolka, Tomasz"]
[WhiteFideId "3403645"]
[BlackFideId "1170791"]
[WhiteElo "2234"]
[BlackElo "2155"]
[Result "0-1"]
[Round "11"]
[TimeControl "180+2"]
[Date "2023.05.03"]
[WhiteClock "0:00:00"]
[BlackClock "0:00:00"]

1. d4 d5 2. g3 c6 3. c4 Nf6 4. Nf3 Bf5 5. Nc3 a6 6. Qb3 Ra7 7. Nh4 Bc8 8. Bg2 e6 9. O-O Nbd7 10. Rd1 Be7 11. Nf3 b5 12. c5 O-O 13. Qc2 Re8 14. e4 dxe4 15. Nxe4 Nxe4 16. Qxe4 Bb7 17. Qc2 Nf6 18. Bg5 Nd5 19. Bxe7 Qxe7 20. h4 h6 21. Ne5 Rd8 22. Rd2 Ba8 23. a4 b4 24. a5 Qc7 25. Nc4 Bb7 26. Nb6 Qb8 27. Ra4 Nc7 28. Rxb4 Nb5 29. Bf1 Qc7 30. Qe4 Qe7 31. h5 Nc7 32. Bd3 f5 33. Qe2 Nd5 34. Nxd5 Rxd5 35. Bxf5 Rxf5 36. Rb6 e5 37. dxe5 Rxe5 38. Qc4+ Kh8 39. Qf4 Ra8 40. Rd6 Rxc5 41. Kh2 Rxh5+ 42. Kg2 c5+ 0-1


[Site "https://www.chess.com"]

[Event "Titled Tuesday Blitz May 2 Early 2023"]
[White "Bashkansky, Ethan"]
[Black "Karamsetty, Jeevan"]
[WhiteFideId "2071533"]
[BlackFideId "2025337"]
[WhiteElo "2101"]
[BlackElo "2111"]
[Result "0-1"]
[Round "11"]
[TimeControl "180+2"]
[Date "2023.05.03"]
[WhiteClock "0:00:00"]
[BlackClock "0:00:00"]

1. d4 g6 2. e4 d6 3. c3 Nf6 4. Bd3 Bg7 5. f3 O-O 6. Ne2 e5 7. O-O Nc6 8. Kh1 Nh5 9. g4 Nf6 10. Bg5 h6 11. Bh4 Qe8 12. Nd2 Nh7 13. d5 Ne7 14. Qc2 c6 15. c4 Bd7 16. Rac1 Rc8 17. Qb1 f5 18. Bxe7 Qxe7 19. gxf5 Qg5 20. fxg6 Qxd2 21. gxh7+ Kh8 22. Qc2 Qe3 23. Ng3 Bh3 24. Nf5 Qf4 25. Rf2 Bf6 26. Qd2 Qxd2 27. Rxd2 Bxf5 28. exf5 Bg5 29. Rcd1 Bxd2 30. Rxd2 Rf6 31. dxc6 bxc6 32. Be4 Kxh7 33. b3 Kg7 34. Kg2 Kf7 35. Kf2 Ke7 36. Rd1 Rg8 37. Rf1 Kd7 38. Re1 Kc7 39. Rd1 Rg5 40. Re1 Rh5 41. Kg3 Rg5+ 42. Kh4 d5 43. cxd5 cxd5 44. Bxd5 Rfxf5 45. Be4 Rf4+ 46. Kh3 Kd6 47. Re2 Kc5 48. Rg2 Rh5+ 49. Kg3 Rg5+ 50. Kf2 Rxg2+ 51. Kxg2 Kd4 52. Bg6 Rf6 53. Bh5 Ra6 54. a4 Rb6 55. Bf7 a5 56. Bc4 Ke3 57. Kg3 Rg6+ 58. Kh4 Kxf3 59. Kh5 Rd6 60. h4 e4 61. b4 axb4 62. a5 e3 63. a6 Rd7 64. a7 Rxa7 65. Bd5+ Kf2 0-1


[Site "https://www.chess.com"]

[Event "Titled Tuesday Blitz May 2 Early 2023"]
[White "Andrews, Todd"]
[Black "Krsnik Cohar, Ivan Vihor"]
[WhiteFideId "2012456"]
[BlackFideId "14520044"]
[WhiteElo "2217"]
[BlackElo "2414"]
[Result "1/2-1/2"]
[Round "11"]
[TimeControl "180+2"]
[Date "2023.05.03"]
[WhiteClock "0:00:00"]
[BlackClock "0:00:00"]

1. e4 c5 2. Nf3 g6 3. d4 cxd4 4. Nxd4 Nf6 5. Nc3 Nc6 6. Bc4 Bg7 7. Be3 O-O 8. Bb3 a5 9. Ndb5 a4 10. Nxa4 Qa5+ 11. Nbc3 Nxe4 12. O-O Nxc3 13. bxc3 b5 14. Nb6 Rb8 15. Nxd7 Rd8 16. Nxb8 Rxd1 17. Raxd1 Nxb8 18. Rd2 Be6 19. Rfd1 Nc6 20. h3 h5 21. Bxe6 fxe6 22. Rd7 Be5 23. Bd4 Nxd4 24. cxd4 Bd6 25. d5 Qxa2 26. dxe6 Qxc2 27. Rd8+ Kg7 28. R1xd6 Qc1+ 29. Rd1 Qc4 30. R8d7 Kf6 31. g3 Kxe6 32. Rb7 b4 33. Rb1 Kf6 34. R7xb4 Qc8 35. Rb6+ Kf7 36. Re1 h4 37. g4 Qc3 38. Rbe6 Qxh3 39. Rxe7+ Kf6 40. R7e4 Qd3 41. R1e3 Qd1+ 42. Kg2 Kg5 43. Re5+ Kh6 44. R3e4 g5 45. Re6+ Kg7 46. Re7+ Kf8 47. Re8+ Kf7 48. R4e7+ Kf6 49. Re6+ Kf7 50. R8e7+ Kf8 51. Re3 Qxg4+ 52. Kf1 h3 53. Rh7 Qg2+ 54. Ke2 h2 55. Rd3 Ke8 56. Re3+ Kf8 57. Reh3 Qe4+ 58. Kd2 Qd4+ 59. Ke2 Qe4+ 60. Kd2 Qf4+ 61. Kc3 g4 62. Rxh2 Qf3+ 63. Kd4 Qf4+ 64. Kd3 Kg8 65. Rh8+ Kg7 66. R8h5 Kg6 67. Ke2 Qe4+ 68. Kf1 Qd3+ 69. Kg2 Qf3+ 70. Kg1 Qd1+ 71. Kg2 Qf3+ 72. Kf1 Qd1+ 73. Kg2 Qf3+ 1/2-1/2


[Site "https://www.chess.com"]

[Event "Titled Tuesday Blitz May 2 Early 2023"]
[White "Sanhueza, Cristian"]
[Black "Erzhanov, Arman"]
[WhiteFideId "116815"]
[BlackFideId "4138821"]
[WhiteElo "2219"]
[BlackElo "2138"]
[Result "1-0"]
[Round "11"]
[TimeControl "180+2"]
[Date "2023.05.03"]
[WhiteClock "0:00:00"]
[BlackClock "0:00:00"]

1. e4 d6 2. d4 Nf6 3. Nc3 c6 4. Nf3 Bg4 5. Be2 e6 6. Be3 Be7 7. h3 Bxf3 8. Bxf3 d5 9. e5 Nfd7 10. Ne2 c5 11. c3 Nc6 12. O-O O-O 13. a3 a5 14. Rb1 a4 15. Ng3 Ra5 16. Be2 Qa8 17. f4 g6 18. Bd3 Nb6 19. f5 exf5 20. Nxf5 cxd4 21. cxd4 Nc4 22. Nxe7+ Nxe7 23. Bg5 Nc6 24. Qg4 Qa7 25. Bxc4 dxc4 26. Be3 Nxe5 27. Qf4 Nd3 28. Qh6 Re8 29. Bg5 Qxd4+ 30. Kh1 Ra6 31. Rbd1 Rae6 32. Rxf7 Nf2+ 33. Kh2 Qe5+ 34. Bf4 Qh8 35. Rdd7 Rf6 36. Rg7+ Kf8 37. Rxh7+ Qg7 38. Qxg7# 1-0


[Site "https://www.chess.com"]

[Event "Titled Tuesday Blitz May 2 Early 2023"]
[White "Todorovic, Bojan"]
[Black "Andreev, Konstantin"]
[WhiteFideId "917087"]
[BlackFideId "24239305"]
[WhiteElo "2266"]
[BlackElo "2106"]
[Result "1/2-1/2"]
[Round "11"]
[TimeControl "180+2"]
[Date "2023.05.03"]
[WhiteClock "0:00:01"]
[BlackClock "0:00:01"]

1. d4 Nf6 2. c4 e6 3. Nf3 d5 4. Bg5 dxc4 5. Qa4+ Nbd7 6. e3 a6 7. Bxc4 Be7 8. O-O O-O 9. Be2 c5 10. Nc3 Rb8 11. Rfd1 b5 12. Qc2 cxd4 13. Nxd4 Bb7 14. Bf3 Bxf3 15. Nxf3 Qb6 16. Rxd7 Nxd7 1/2-1/2


[Site "https://www.chess.com"]

[Event "Titled Tuesday Blitz May 2 Early 2023"]
[White "Dwilewicz, Katarzyna"]
[Black "Khamdamova, Afruza"]
[WhiteFideId "1148486"]
[BlackFideId "14210444"]
[WhiteElo "2065"]
[BlackElo "2210"]
[Result "1-0"]
[Round "11"]
[TimeControl "180+2"]
[Date "2023.05.03"]
[WhiteClock "0:00:00"]
[BlackClock "0:00:00"]

1. e4 c6 2. d4 d5 3. exd5 cxd5 4. Bd3 Nf6 5. c3 Nc6 6. Bf4 Bg4 7. Qb3 Qd7 8. Nd2 e6 9. Ngf3 Bd6 10. Bxd6 Qxd6 11. O-O O-O 12. Rae1 a6 13. Ne5 Bh5 14. f4 b5 15. Ndf3 Bxf3 16. Rxf3 Rac8 17. a3 Na5 18. Qc2 Nc4 19. Qf2 Qd8 20. Rh3 h6 21. Bb1 Nd6 22. f5 Nfe4 23. Bxe4 Nxe4 24. Qf4 Qg5 25. Rf3 Rc7 26. fxe6 Qxf4 27. Rxf4 fxe6 28. Rxf8+ Kxf8 29. Kf1 g5 30. Ke2 Kg7 31. Rf1 Nd6 32. Nd3 Rf7 33. Nc5 Rxf1 34. Kxf1 Kf6 35. Nxa6 Nc4 36. Nc7 Nxb2 37. Nxb5 Kf5 38. Ke2 Kf4 39. Nc7 Kf5 40. Na6 Na4 41. Ke3 Nxc3 42. Nc5 Nd1+ 43. Kd2 Nb2 44. a4 Nc4+ 45. Kc3 e5 46. dxe5 Kxe5 47. Nb3 Ke4 48. a5 Nxa5 49. Nxa5 Ke3 50. Nc6 Kf2 51. g4 Kf3 52. Ne5+ Kg2 53. Kd4 Kxh2 54. Kxd5 Kg3 55. Ke4 Kh4 56. Kf5 Kg3 57. Nf7 1-0


[Site "https://www.chess.com"]

[Event "Titled Tuesday Blitz May 2 Early 2023"]
[White "Tarasova, Viktoriya"]
[Black "Pujari, Rucha"]
[WhiteFideId "4175840"]
[BlackFideId "5024528"]
[WhiteElo "2182"]
[BlackElo "2129"]
[Result "1-0"]
[Round "11"]
[TimeControl "180+2"]
[Date "2023.05.03"]
[WhiteClock "0:00:00"]
[BlackClock "0:00:00"]

1. d4 d5 2. c4 e6 3. Nc3 Nf6 4. cxd5 exd5 5. Bg5 c6 6. Qc2 Be7 7. e3 O-O 8. Bd3 Nbd7 9. Nge2 Re8 10. O-O Nf8 11. h3 g6 12. Rae1 Ne6 13. Bh4 Ng7 14. f3 c5 15. dxc5 Bxc5 16. Nd4 Be6 17. Nce2 Rc8 18. Qb3 Bb6 19. Rc1 Qe7 20. Rxc8 Rxc8 21. Bf2 Nd7 22. Rc1 Rxc1+ 23. Nxc1 Qg5 24. h4 Qf6 25. Qc2 Ne5 26. Be2 h5 27. Nd3 Nc4 28. Qc3 Nf5 29. Nxf5 Qxc3 30. Nh6+ Kh7 31. bxc3 Kxh6 32. e4 dxe4 33. fxe4 Kg7 34. Nf4 Bxf2+ 35. Kxf2 Kf6 36. Nxe6 Nd6 37. Ng5 Ke5 38. Ke3 f6 39. Nf3+ Ke6 40. Bd3 a6 41. Kf4 b5 42. Nd4+ Kf7 43. e5 Ne8 44. e6+ 1-0


[Site "https://www.chess.com"]

[Event "Titled Tuesday Blitz May 2 Early 2023"]
[White "Seder, Mohammed"]
[Black "Eidelman, Gabriel"]
[WhiteFideId "11505567"]
[BlackFideId "30910544"]
[WhiteElo "1862"]
[BlackElo "2209"]
[Result "1/2-1/2"]
[Round "11"]
[TimeControl "180+2"]
[Date "2023.05.03"]
[WhiteClock "0:00:00"]
[BlackClock "0:00:00"]

1. e4 d6 2. d4 g6 3. Nc3 Bg7 4. Be3 c6 5. a4 Nf6 6. f3 O-O 7. Qd2 a6 8. g4 Qb6 9. d5 Qa5 10. Bc4 cxd5 11. exd5 b5 12. Bb3 Bb7 13. h4 b4 14. Ne4 Nxd5 15. Bh6 Nf6 16. Nxf6+ exf6 17. O-O-O Nd7 18. h5 Bxh6 19. Qxh6 Qg5+ 20. Qxg5 fxg5 21. hxg6 hxg6 22. Rxd6 Ne5 23. Rb6 Rab8 24. Rxb4 Bxf3 25. Nxf3 Nxf3 26. Rxb8 Rxb8 27. Rf1 Ne5 28. Rf6 Kg7 29. Rxa6 Nxg4 30. a5 Ne5 31. Rb6 Rxb6 32. axb6 g4 33. b7 Nd7 34. Kd2 Kf6 35. Ke3 Ke7 36. Kf4 f5 37. Ba4 Nb8 38. c4 Kd6 39. Be8 g5+ 40. Kg3 Kc7 41. Bg6 Kxb7 42. Bxf5 Kb6 43. b3 Kc5 44. Kxg4 Nc6 45. Kxg5 Nd4 46. Kf4 Nxb3 47. Be6 Na5 48. Bd5 Nxc4 1/2-1/2


[Site "https://www.chess.com"]